 Dungeon Crawl Stone Soup version 0.28-a0-1447-ga5a8893891 (webtiles) character file.

Game seed: 6218068286816865736

1096 oldriver the Skirmisher (level 8, -6/65 HPs)
             Began as a Formicid Chaos Knight on Jan 11, 2022.
             Was a Plaything of Xom.
             Mangled by an ogre (12 damage)
             ... on level 4 of the Dungeon.
             The game lasted 00:04:17 (3617 turns).

oldriver the Skirmisher (Formicid Chaos Knight)     Turns: 3617, Time: 00:04:18

Health: -6/65      AC: 11    Str: 19    XL:     8   Next: 57%
Magic:  8/8        EV:  7    Int: 12    God:    Xom [...*..]
Gold:   119        SH:  0    Dex: 10    Spells: 7/7 levels left

rFire   . . .      SeeInvis +   a - +0 hand axe (chaos)
rCold   . . .      Faith    .   (no shield)
rNeg    . . .      Spirit   .   e - +0 chain mail
rPois   .          Reflect  .   (helmet unavailable)
rElec   .          Harm     .   i - +0 cloak
rCorr   +          Rampage  .   (no gloves)
Will    .....                   (no boots)
Stlth   ..........              g - amulet of regeneration
HPRegen 1.00/turn               d - ring of resist corrosion
MPRegen 0.11/turn               (no ring)

@: no status effects
A: permanent stasis, dig shafts and tunnels, antennae 3, four strong arms
a: Dig, Shaft Self, Renounce Religion


You were on level 4 of the Dungeon.
You worshipped Xom.
You were a favourite toy of Xom.
You visited 1 branch of the dungeon, and saw 5 of its levels.

You collected 119 gold pieces.

Inventory:

Hand Weapons
 a - a +0 hand axe of chaos (weapon)
 k - a +2 whip of flaming
Armour
 e - a +0 chain mail (worn)
 i - a +0 cloak (worn)
Jewellery
 d - a ring of resist corrosion (left hand)
 g - an amulet of regeneration (around neck)
Wands
 n - a wand of paralysis (8)
Scrolls
 c - a scroll of identify {unknown}
 l - a scroll of fear {unknown}
 m - 2 scrolls of teleportation {unknown}
 q - a scroll of vulnerability {unknown}
Potions
 b - a potion of haste {unknown}
 o - a potion of curing


   Skills:
 + Level 6.8 Fighting
 + Level 6.3 Axes
 + Level 6.3 Armour
 - Level 0.8 Dodging


You had 7 spell levels left.
You didn't know any spells.
Your spell library contained the following spells:

 Spells                   Type           Power      Damage    Failure   Level
 Beastly Appendage        Tmut           0%         N/A       97%         1
 Wereblood                Tmut           0%         N/A       99%         2
 Gell's Gravitas          Tloc           0%         N/A       100%        3
 Lesser Beckoning         Tloc           0%         N/A       100%        3
 Spider Form              Tmut/Pois      0%         N/A       100%        3
 Teleport Other           Tloc           0%         N/A       100%        3


Dungeon Overview and Level Annotations

Branches:
Dungeon (5/15)             Temple (0/1) D:5

Altars:
Nemelex Xobeh
Wu Jian
Xom


Innate Abilities, Weirdness & Mutations

You cannot be hasted, slowed, berserked, paralysed or teleported.
You can dig through walls and to a lower floor.
You have a pair of large antennae on your head. (SInv)
Your four strong arms can wield two-handed weapons with a shield.


Message History

The ball python barely misses you. The ball python constricts you.
You closely miss the ball python.
The ball python bites you but does no damage.
The ball python constricts you.
You hit the ball python.
You kill the ball python!
You see here a ball python corpse.
You see here a ball python corpse.
There is a shimmering altar of Xom here.
There is a shimmering altar of Xom here.
You sense a monster nearby.
An ogre comes into view. It is wielding a +0 giant club.
An ogre is nearby!
An ogre is nearby!
The ogre shouts!
You barely miss the ogre. The ogre barely misses you.
You hit the ogre but do no damage. The ogre hits you with a +0 giant club!
You hit the ogre but do no damage. You hit the ogre.
The ogre is poisoned.
The ogre is lightly wounded.
The ogre hits you with a +0 giant club!
You hit the ogre but do no damage.
The ogre seems to speed up.
The ogre is lightly wounded.
The ogre hits you with a +0 giant club!
You barely miss the ogre.
The ogre is moderately wounded.
The ogre hits you with a +0 giant club.
You hit the ogre.
The ogre goes berserk!
The ogre is heavily wounded.
The ogre hits you with a +0 giant club!
* * * LOW HITPOINT WARNING * * *
The ogre barely misses you.
You closely miss the ogre.
The ogre is heavily wounded.
An ice beast comes into view.
The ogre hits you with a +0 giant club!
* * * LOW HITPOINT WARNING * * *
The ogre hits you with a +0 giant club!
You die...
Xom cackles wildly!

#.......÷...##
##.......÷....##
##.....[........## #
##.....{..........## #
#.....#............# #
##...####.....(....#
## ##..## ##.....#...#
.## ##O.# #.........#
.)######## #@.#
##.........#
.........# ##.##
#..####....#
#######..## ##..#
##.## ###.## # ##..#
##..## #..# ### #
##..###..## #..# #
##...##..## #.##
######...##..## ##.#
..#...#####..######..#
.....## ##_.#....###


You could see an ogre (berserk, fast, poisoned).

Vanquished Creatures
  Pikel (D:5)
  A centaur (D:5)
  A phantom (D:4)
  A water moccasin zombie (D:4)
  A centaur zombie (D:5)
  A hound (D:4)
  A centaur skeleton (D:4)
  2 orc priests (D:3)
  A bullfrog skeleton (D:4)
  Terence (D:2)
  An iguana (D:4)
  2 orc wizards (D:3)
  A hound skeleton (D:4)
  Robin (D:2)
  4 adders
  2 adder skeletons (D:4)
  2 dart slugs (D:4)
  14 orcs
  9 endoplasms
  A giant cockroach (D:3)
  11 goblins
  9 hobgoblins
  A quokka (D:1)
  6 ball pythons
  2 bats
  4 frilled lizards
  5 kobolds
  6 rats
92 creatures vanquished.

Vanquished Creatures (others)
  2 lemures (D:5)
2 creatures vanquished.

Grand Total: 94 creatures vanquished

Notes
Turn   | Place    | Note
-------+----------+-------------------------------------------
     0 | D:1      | oldriver the Formicid Chaos Knight began the quest for the
                  | Orb.
     0 | D:1      | Reached XP level 1. HP: 18/18 MP: 1/1
    80 | D:1      | XOM: silly message
   299 | D:1      | Reached XP level 2. HP: 21/24 MP: 2/2
   301 | D:1      | XOM: cloud trail
  1079 | D:1      | Found a faded altar of an unknown god.
  1323 | D:2      | Reached XP level 3. HP: 22/30 MP: 3/3
  1599 | D:2      | Reached XP level 4. HP: 37/37 MP: 4/4
  1606 | D:2      | XOM: divination: magic mapping
  1650 | D:2      | Noticed Terence
  1650 | D:2      | XOM: silly message
  1654 | D:2      | Killed Terence
  1840 | D:2      | Noticed Robin
  1850 | D:2      | XOM: noise
  1862 | D:2      | Killed Robin
  1870 | D:2      | Reached XP level 5. HP: 33/43 MP: 5/5
  2448 | D:3      | You fall into a shaft and drop 2 floors!
  2448 | D:5      | Entered Level 5 of the Dungeon
  2448 | D:5      | Noticed Pikel
  2448 | D:5      | Noticed a lemure
  2448 | D:5      | Noticed a lemure
  2448 | D:5      | Noticed a lemure
  2448 | D:5      | Noticed a lemure
  2448 | D:5      | XOM: summons friendly crimson imp
  2495 | D:5      | Noticed a centaur
  2499 | D:5      | Killed a centaur
  2500 | D:5      | Reached skill level 5 in Fighting
  2500 | D:5      | Reached XP level 6. HP: 42/50 MP: 6/6
  2504 | D:5      | XOM: enchant monster (bad)
  2505 | D:5      | XOM: silly message
  2510 | D:5      | XOM: destruction
  2516 | D:5      | Killed Pikel
  2517 | D:5      | Reached skill level 5 in Axes
  2517 | D:5      | Reached skill level 5 in Armour
  2517 | D:5      | Reached XP level 7. HP: 53/58 MP: 7/7
  2517 | D:5      | Reached XP level 8. HP: 59/64 MP: 8/8
  2554 | D:5      | Found a staircase to the Ecumenical Temple.
  2616 | D:3      | Found a sparkling altar of Nemelex Xobeh.
  3015 | D:3      | Found an ornate altar of the Wu Jian Council.
  3169 | D:4      | XOM: scenery: summon butterflies
  3329 | D:4      | XOM: scenery: create altars
  3330 | D:4      | Noticed a glowing shapeshifter
  3330 | D:4      | a worm changed into a glowing shapeshifter
  3330 | D:4      | XOM: polymorph worm -> glowing shapeshifter
  3330 | D:4      | Noticed a slime creature
  3330 | D:4      | a glowing shapeshifter changed into a slime creature
  3335 | D:4      | Noticed a shining eye
  3335 | D:4      | a slime creature changed into a shining eye
  3336 | D:4      | Noticed a cyclops
  3336 | D:4      | a shining eye changed into a cyclops
  3339 | D:4      | Noticed an orb spider
  3342 | D:4      | Noticed a torpor snail
  3342 | D:4      | an orb spider changed into a torpor snail
  3349 | D:4      | Noticed a snapping turtle
  3349 | D:4      | a torpor snail changed into a snapping turtle
  3402 | D:4      | XOM: torment (34/65 hp)
  3614 | D:4      | HP: 3/65 [ogre (17)]
  3617 | D:4      | Mangled by an ogre

Illustrated notes

Levels and vault maps discovered:
D:1:      eino_arrival_druids_welcome, layout_basic,
          ebering_ecumenical_altar_rust, hangedman_decor_points,
          solitary_fountain, amcnicky_mini_corridor_feature
D:2:      layout_loops_corners, chequers_jeans, uniq_terence, uniq_robin
D:3:      layout_rooms, nemelex_diamond_rough_becter,
          lemuel_coloured_pillars_altar
D:4:      layout_layer_cave, zin_treasury, lemuel_round_altar,
          serial_bayou_lagoon_a, uniq_ijyb
D:5:      layout_basic, minmay_temple_entry_antechambers, corner_web_ring,
          uniq_pikel, uniq_grinder

Skill      XL: |  1  2  3  4  5  6  7  8 |
---------------+-------------------------+-----
Fighting       | 4 5 6 |  6.8
Armour         | 3 4 5 6 |  6.3
Axes           | 4 5 6 |  6.3
Dodging        | |  0.8

Action                   |  1- 3 |  4- 6 |  7- 9 || total
-------------------------+-------+-------+-------++-------
Melee: Hand axe          |    86 |   111 |   129 ||   326
       Punch             |     1 |     3 |     1 ||     5
 Abil: Dig               |       |     1 |       ||     1
  Use: Potion            |       |     5 |       ||     5
 Stab: Confused          |     1 |       |       ||     1
       Invisible         |       |       |     1 ||     1
       Petrifying        |       |       |     1 ||     1
Armor: Leather armour    |    35 |       |       ||    35
       Chain mail        |       |    75 |    86 ||   161
       Skin              |       |    19 |     6 ||    25
Dodge: Dodged            |    47 |    38 |    47 ||   132

Table legend: (Time is in decaauts)
 A = Elapsed time spent in this place.
 B = Non-inter-level travel time spent in this place.
 C = Inter-level travel time spent in this place.
 D = Time resting spent in this place.
 E = Time spent auto-exploring this place.
 F = Levels seen in this place.
 G = Mean time per level.
                   A        B        C        D        E       F      G
               +--------+--------+--------+--------+--------+-----+--------+
         Total |   3644 |   3522 |    122 |    156 |   2523 |   5 |  728.8 |
       Dungeon |   3644 |   3522 |    122 |    156 |   2523 |   5 |  728.8 |
               +--------+--------+--------+--------+--------+-----+--------+

Top non-repeatable levels by time:
     D:1: 1316 daAuts
     D:2: 907 daAuts
     D:3: 705 daAuts
     D:4: 567 daAuts
     D:5: 147 daAuts
